 Dungeon Crawl Stone Soup version 0.31-a0-986-g5e6e4ef867 (webtiles) character file.

Game seed: 6005411511489518525

10551 wildpjah the Carver (level 11, -20/83 HPs)
             Began as a Demonspawn Fighter on Nov 21, 2023.
             Was a High Priest of Okawaru.
             Demolished by a boulder beetle (49 damage)
             ... on level 11 of the Dungeon on Nov 22, 2023.
             The game lasted 00:37:54 (10784 turns).

wildpjah the Carver (Demonspawn Fighter)           Turns: 10784, Time: 00:37:55

Health: -20/83     AC:  8    Str: 17    XL:     11   Next: 37%
Magic:  17/17      EV: 18    Int:  9    God:    Okawaru [*****.]
Gold:   424        SH:  9    Dex: 23    Spells: 18/19 levels left

rFire   . . .        C - +0 falchion
rCold   . . .        D - +2 buckler
rNeg    . . .        A - +1 ring mail {rPois}
rPois   +            (no helmet)
rElec   .            (no cloak)
rCorr   .            (no gloves)
SInv    .            H - +0 pair of boots
Will    .....        (no amulet)
Stlth   ++           Q - +6 ring of dexterity
HPRegen 0.33/turn    j - +5 ring of evasion
MPRegen 0.15/turn

%: no passive effects
@: no status effects
A: hooves 2, (demonic guardian 2), ignite blood 2
a: Renounce Religion, Heroism, Finesse, Duel


You were on level 11 of the Dungeon.
You worshipped Okawaru.
Okawaru was extremely pleased with you.
You visited 2 branches of the dungeon, and saw 12 of its levels.

You collected 820 gold pieces.
You spent 396 gold pieces at shops.

Inventory:

Hand Weapons
 a - a +0 long sword
 C - a +0 falchion (weapon)
 F - a +3 great sword
 K - a +0 falchion
Missiles
 N - a dart of dispersal
 U - an atropa-tipped dart
Armour
 b - a +0 scale mail
 c - a +0 buckler
 y - a +0 kite shield
 A - a +1 ring mail of poison resistance (worn)
 D - a +2 buckler (worn)
 G - the -1 helmet of Hubris {rN+ Will+ Str+6 Dex-5}
   (You found it on level 6 of the Dungeon)

   Str+6:     It affects your strength (+6).
   Dex-5:     It affects your dexterity (-5).
   rN+:       It protects you from negative energy.
   Will+:     It increases your willpower.
 H - a +0 pair of boots (worn)
Jewellery
 j - a +5 ring of evasion (right hand)
 E - a ring of poison resistance
 O - a +4 ring of slaying
 P - a ring of positive energy
 Q - a +6 ring of dexterity (left hand)
 T - a +4 ring of protection
Wands
 n - a wand of mindburst (2)
 x - a wand of roots (11)
Scrolls
 f - 5 scrolls of poison
 h - a scroll of blinking
 k - a scroll of identify
 l - 2 scrolls of vulnerability
 o - 2 scrolls of enchant weapon
 t - 4 scrolls of revelation
 u - a scroll of immolation
 v - a scroll of fear
 z - a scroll of butterflies
 I - a scroll of enchant armour
 J - a scroll of noise
 L - a scroll of amnesia
 M - 2 scrolls of teleportation
 R - 4 scrolls of fog
Potions
 d - a potion of might
 e - 3 potions of enlightenment {unknown}
 g - a potion of cancellation {unknown}
 i - 3 potions of resistance {unknown}
 m - a potion of magic {unknown}
 p - a potion of heal wounds {unknown}
 q - 2 potions of brilliance {unknown}
 r - 2 potions of curing {unknown}
 s - 3 potions of haste {unknown}
 w - a potion of invisibility {unknown}
 B - 2 potions of berserk rage {unknown}


   Skills:
 + Level 6.5 Fighting
 * Level 10.3 Long Blades
 + Level 0.2 Throwing
 + Level 6.6 Armour
 + Level 4.5 Dodging
 + Level 1.5 Stealth
 + Level 6.7 Shields
 * Level 4.5 Spellcasting
 * Level 4.4 Conjurations
 + Level 2.1 Invocations
 + Level 1.1 Evocations


You had 18 spell levels left.
You knew the following spells:

 Your Spells              Type           Power      Damage    Failure   Level
a - Magic Dart            Conj           36%        1d4       9%          1

Your spell library contained the following spells:

 Spells                   Type           Power      Damage    Failure   Level
 Searing Ray              Conj           18%        2d5       14%         2
 Ensorcelled Hibernation  Hex/Ice        4%         N/A       63%         2
 Jinxbite                 Hex            4%         N/A       63%         2
 Wereblood                Tmut           2%         N/A       63%         2
 Fulminant Prism          Conj/Hex       3%         3d5       91%         4
 Anguish                  Hex/Necr       1%         N/A       99%         4
 Cause Fear               Hex            1%         N/A       99%         4
 Manifold Assault         Tloc           2%         N/A       99%         4
 Irradiate                Conj/Tmut      3%         3d12      99%         5
 Dispersal                Tloc           1%         N/A       100%        6
 Enfeeble                 Hex            1%         N/A       100%        7
 Disjunction              Tloc           1%         N/A       100%        8


Dungeon Overview and Level Annotations

Branches:
Dungeon (11/15)            Temple (1/1) D:4            Lair (0/5) D:10
    Orc (0/2) D:11

Altars:
Ashenzari
Cheibriados
Dithmenos
Fedhas
Gozag
Hepliaklqana
Kikubaaqudgha
Makhleb
Nemelex Xobeh
Okawaru
Qazlal
Ru
Sif Muna
Trog
Uskayaw
Vehumet
Wu Jian
Xom
Yredelemnul

Shops:
D:8 =


Innate Abilities, Weirdness & Mutations

You have hoof-like feet.
((A demonic guardian rushes to your aid.))
Your demonic aura often causes spilled blood to erupt in flames.


Message History

The boulder beetle struggles against the net. x2
The net rips apart, and the boulder beetle comes free!
You hit the boulder beetle but do no damage.
The boulder beetle is heavily wounded.
The boulder beetle closely misses you.
The boulder beetle stops rolling and uncurls.
Throw: throwing net
Press: ? - help, Q - select action, (/) - cycle Shift-Dir - straight line, f/p - boulder beetle
Aim: a boulder beetle (heavily wounded, 90% to hit)
You throw a throwing net.
The throwing net hits the boulder beetle.
The boulder beetle is caught in the net!
The boulder beetle is heavily wounded.
The boulder beetle struggles against the net.
You slash the boulder beetle!
The boulder beetle is severely wounded.
The boulder beetle struggles against the net.
You catch the helpless boulder beetle completely off-guard!
You hit the boulder beetle but do no damage.
The boulder beetle is severely wounded.
You hit the boulder beetle but do no damage.
The boulder beetle is severely wounded.
The boulder beetle struggles against the net.
You catch the helpless boulder beetle completely off-guard!
You hit the boulder beetle but do no damage.
The boulder beetle is severely wounded.
The boulder beetle struggles against the net.
You hit the boulder beetle but do no damage.
The boulder beetle is severely wounded.
The boulder beetle leaps!
You see here an atropa-tipped dart.
U - an atropa-tipped dart You hit the boulder beetle but do no damage.
The boulder beetle is severely wounded.
The boulder beetle bites you!
The boulder beetle curls into a ball and begins rolling!
The boulder beetle attacks as it pursues you!
The boulder beetle hits you!!!
Ouch! That really hurt!
You die...

#.>.......##.###....#...
#.........##.# #....#<..
#......#..##.# #.##.#...
#.........##.###....#.<.
#####.....##.#.#....#.).
#.....##.#.#........
#..○..##.#.'........ #.
#####.°B.....##...)...## #...#
#......@..............## #...#
#.##.####.##.)#......... #...#
#.##.# #.##..#...##....
#...###....# #.##..#...##....
#..........# #.....#.........
#.......##.# #....>#.........
#..........####.##............
#.#....#####..'....##.........
#...####......#....#..........


You could see a boulder beetle (rolling).

Vanquished Creatures
  Harold (D:9)
  5 two-headed ogres
  A boulder beetle (D:11)
  An ugly thing (D:11)
  A gargoyle (D:11)
  A troll (D:10)
  3 hornets
  A shadow (D:11)
  2 wyverns
  A vampire (D:11)
  2 wraiths
  A steam dragon (D:9)
  5 wargs
  3 water moccasins
  2 orc warriors
  An ice beast (D:6)
  A sky beast (D:8)
  A black bear (D:4)
  A phantom (D:2)
  A centaur (D:11)
  A kobold brigand (D:10)
  A bullfrog (D:8)
  3 scorpions
  5 wights (D:9)
  11 killer bees
  3 howler monkeys
  4 hounds
  4 jellies
  8 orc priests
  3 iguanas (D:5)
  2 sleepcaps (D:6)
  16 orc wizards
  4 gnolls
  4 adders
  2 white imps
  6 ufetubi
  A worm (D:5)
  A dart slug (D:5)
  42 orcs
  10 ball pythons
  6 bats
  13 endoplasms
  2 giant cockroaches
  2 hobgoblins (D:3)
  2 jackals (D:1)
  17 kobolds
  4 quokkas
  4 frilled lizards
  2 goblins
  4 rats
222 creatures vanquished.

Vanquished Creatures (others)
  A hound (D:5)
  An orc (D:11)
2 creatures vanquished.

Grand Total: 224 creatures vanquished

Notes
Turn   | Place    | Note
-------+----------+-------------------------------------------
     0 | D:1      | wildpjah the Demonspawn Fighter began the quest for the
                  | Orb.
     0 | D:1      | Reached XP level 1. HP: 18/18 MP: 1/1
   166 | D:1      | Gained mutation: You have large cloven feet. [demonic
                  | ancestry]
   166 | D:1      | Reached XP level 2. HP: 21/24 MP: 2/2
   769 | D:2      | Reached skill level 2 in Long Blades
   793 | D:2      | Reached XP level 3. HP: 29/29 MP: 3/3
   832 | D:2      | Found a sacrificial altar of Ru.
   832 | D:2      | Found a burning altar of Makhleb.
   832 | D:2      | Found a hide-covered altar of Uskayaw.
   832 | D:2      | Found a blossoming altar of Fedhas.
   832 | D:2      | Found an iron altar of Okawaru.
   846 | D:2      | Gained mutation: You have hoof-like feet. [demonic
                  | ancestry]
   846 | D:2      | Reached XP level 4. HP: 19/35 MP: 4/4
   848 | D:2      | Reached skill level 3 in Long Blades
   936 | D:2      | Became a worshipper of Warmaster Okawaru
  1166 | D:2      | Noticed a phantom
  1182 | D:2      | Killed a phantom
  1183 | D:2      | Reached XP level 5. HP: 29/41 MP: 5/5
  2039 | D:3      | Found a blossoming altar of Fedhas.
  2083 | D:3      | Reached * piety under Okawaru
  2084 | D:3      | Reached skill level 4 in Long Blades
  2084 | D:3      | Gained mutation: Your demonic aura sometimes causes spilled
                  | blood to erupt in flames. [demonic ancestry]
  2084 | D:3      | Reached XP level 6. HP: 41/48 MP: 6/6
  2713 | D:4      | Found a sparkling altar of Nemelex Xobeh.
  2767 | D:4      | Gained mutation: A weak demonic guardian rushes to your
                  | aid. [demonic ancestry]
  2767 | D:4      | Reached XP level 7. HP: 23/54 MP: 7/7
  2979 | D:4      | Found a staircase to the Ecumenical Temple.
  2987 | Temple   | Entered the Ecumenical Temple
  3046 | D:4      | Found a burning altar of Makhleb.
  3170 | D:5      | Entered Level 5 of the Dungeon
  3495 | D:5      | Reached ** piety under Okawaru
  3496 | D:5      | Reached skill level 1 in Dodging
  3830 | D:5      | Reached skill level 5 in Long Blades
  3931 | D:5      | Noticed a two-headed ogre
  3939 | D:5      | HP: 1/54 [two-headed ogre/+0 dire flail (10)]
  3940 | D:5      | Killed a two-headed ogre
  3940 | D:5      | Reached *** piety under Okawaru
  3941 | D:5      | Reached skill level 5 in Armour
  3941 | D:5      | Gained mutation: Your demonic aura often causes spilled
                  | blood to erupt in flames. [demonic ancestry]
  3941 | D:5      | Reached XP level 8. HP: 2/61 MP: 8/8
  4369 | D:5      | Reached skill level 6 in Long Blades
  4557 | D:6      | Found a radiant altar of Vehumet.
  4600 | D:6      | Identified the -1 helmet of Hubris {rN+ Will+ Str+6 Dex-5}
  4648 | D:6      | Reached **** piety under Okawaru
  4649 | D:6      | Reached skill level 5 in Shields
  4974 | D:6      | Identified the +1 war axe of Yheju {flame, rC+ SInv}
  5466 | D:7      | Reached skill level 5 in Fighting
  5466 | D:7      | Reached XP level 9. HP: 68/68 MP: 9/9
  5598 | D:7      | Noticed a two-headed ogre
  5608 | D:7      | Killed a two-headed ogre
  5609 | D:7      | Reached skill level 7 in Long Blades
  5691 | D:7      | Learned a level 1 spell: Magic Dart
  5812 | D:8      | Found a bloodstained altar of Trog.
  5816 | D:8      | Found an iron altar of Okawaru.
  5887 | D:8      | Reached skill level 8 in Long Blades
  5997 | D:8      | Reached ***** piety under Okawaru
  5998 | D:8      | Reached skill level 1 in Conjurations
  6188 | D:8      | Reached skill level 1 in Invocations
  6198 | D:8      | Found a sacrificial altar of Ru.
  6201 | D:8      | Found a stormy altar of Qazlal.
  6203 | D:8      | Found an ornate altar of the Wu Jian Council.
  6203 | D:8      | Found a hide-covered altar of Uskayaw.
  6204 | D:8      | Found a basalt altar of Yredelemnul.
  6218 | D:8      | Reached skill level 1 in Spellcasting
  6553 | D:8      | Received a gift from Okawaru
  6873 | D:8      | Found Teryghy's Jewellery Emporium.
  6881 | D:8      | Bought a +6 ring of dexterity for 396 gold pieces
  7054 | D:9      | Noticed a two-headed ogre
  7083 | D:9      | Gained mutation: A demonic guardian rushes to your aid.
                  | [demonic ancestry]
  7083 | D:9      | Reached XP level 10. HP: 67/74 MP: 11/13
  7093 | D:9      | Killed a two-headed ogre
  7605 | D:9      | Reached skill level 9 in Long Blades
  7631 | D:9      | Noticed a two-headed ogre
  7640 | D:9      | Killed a two-headed ogre
  7641 | D:9      | Reached skill level 1 in Stealth
  7736 | D:9      | Noticed Harold
  7762 | D:9      | Killed Harold
  7763 | D:9      | Reached skill level 1 in Evocations
  8206 | D:10     | Entered Level 10 of the Dungeon
  8339 | D:10     | Received a gift from Okawaru
  8633 | D:10     | Reached XP level 11. HP: 25/82 MP: 16/16
  8805 | D:10     | Found a staircase to the Lair.
  9109 | D:10     | Found a snail-covered altar of Cheibriados.
  9212 | D:11     | Found a staircase to the Orcish Mines.
  9410 | D:11     | Noticed a two-headed ogre
  9859 | D:11     | Noticed a boulder beetle
  9960 | D:11     | Killed a boulder beetle
  9961 | D:11     | Reached skill level 10 in Long Blades
  9961 | D:11     | Killed a two-headed ogre
 10244 | D:11     | Noticed a cyan ugly thing
 10255 | D:11     | Killed a cyan ugly thing
 10718 | D:11     | Noticed a boulder beetle
 10784 | D:11     | Demolished by a boulder beetle

Illustrated notes

Levels and vault maps discovered:
D:1:      ebering_trefoil_twist, layout_basic, minivault_27,
          minmay_misc_feat_four_crosses
D:2:      cheibrodos_fertilizer, layout_basic
D:3:      layout_loops_ring, mainiacjoe_overflow_catwalk,
          mainiacjoe_overflow_six_doors_small, serial_glass, glass_columns_c,
          glass_columns_a, kennysheep_potato
D:4:      layout_gridville, lemuel_crystal_altar, amcnicky_altar_gilded,
          nemelex_xobeh_ov_fountains_minmay, minmay_temple_entry_glass,
          palyth_stone_intersect
D:5:      layout_basic, cheibrodos_sewer_entry_bend, small_statue_alley_b
D:6:      layout_rooms, vehumet_altar_wand_db
D:7:      layout_gridville, minmay_small_thing
D:8:      layout_loops_corners, grunt_temple_overflow_open, serial_glass,
          glass_columns_c, glass_columns_a, glass_columns_c, glass_columns_a,
          serial_shops, nicolae_shop_peninsula
D:9:      layout_stronghold, uniq_harold
D:10:     layout_roguey, mainiacjoe_overflow_alcove_1, erik_lair_orcish_takeover
D:11:     layout_stronghold, erik_orc_4
Temple:   pf_temple_reverse_labyrinth

Skill      XL: |  1  2  3  4  5  6  7  8  9 10 11 |
---------------+----------------------------------+-----
Shields        | 3 4 5 6 |  6.7
Armour         | 3 4 5 6 |  6.6
Long Blades    | 2 3 4 5 6 8 9 10 | 10.3
Fighting       | 4 5 6 |  6.5
Dodging        | 2 3 4 |  4.5
Conjurations   | 1 3 4 |  4.4
Invocations    | 1 2 |  2.1
Spellcasting   | 2 3 4 |  4.5
Stealth        | 1 |  1.5
Evocations     | 1 |  1.1
Throwing       | |  0.2

Action                     |  1- 3 |  4- 6 |  7- 9 | 10-12 || total
---------------------------+-------+-------+-------+-------++-------
  Melee: Long sword        |    81 |   135 |    35 |       ||   251
         Kick              |    19 |    33 |    59 |       ||   111
         Falchion          |       |       |   405 |   397 ||   802
  Throw: Throwing net      |       |       |       |     5 ||     5
         Dart              |       |       |       |     2 ||     2
   Cast: Magic Dart        |       |       |       |     9 ||     9
 Invoke: Heroism           |       |       |     2 |     4 ||     6
         Finesse           |       |       |     1 |     1 ||     2
  Evoke: Wand              |       |       |     6 |    12 ||    18
    Use: Potion            |       |       |     1 |     1 ||     2
         Scroll            |       |       |       |    13 ||    13
   Stab: Held in net/web   |       |       |       |     6 ||     6
 Armour: Scale mail        |    34 |    87 |    15 |       ||   136
         Ring mail         |       |       |   217 |   125 ||   342
  Dodge: Dodged            |    49 |    76 |   342 |   183 ||   650
  Block: Buckler           |    17 |    27 |    66 |   111 ||   221
         Kite shield       |       |    11 |   158 |       ||   169

Table legend: (Time is in decaauts)
 A = Elapsed time spent in this place.
 B = Non-inter-level travel time spent in this place.
 C = Inter-level travel time spent in this place.
 D = Time resting spent in this place.
 E = Time spent auto-exploring this place.
 F = Levels seen in this place.
 G = Mean time per level.
                   A        B        C        D        E       F      G
               +--------+--------+--------+--------+--------+-----+--------+
         Total |  10827 |  10552 |    275 |    999 |   7354 |  12 |  902.2 |
       Dungeon |  10826 |  10551 |    275 |    999 |   7354 |  11 |  984.2 |
        Temple |      1 |      1 |      0 |      0 |      0 |   1 |    1.0 |
               +--------+--------+--------+--------+--------+-----+--------+

Top non-repeatable levels by time:
    D:10: 1431 daAuts
     D:5: 1392 daAuts
     D:9: 1177 daAuts
     D:8: 1165 daAuts
    D:11: 1120 daAuts
     D:2: 1075 daAuts
     D:3: 798 daAuts
     D:4: 702 daAuts
     D:1: 665 daAuts
     D:6: 661 daAuts
     D:7: 636 daAuts
  Temple: 1 daAuts
